AoeStats
← MaX

Arabia

505736135Analyzed
1v1 RM · 22d ago on Sep 10, 2026· 34m 33s· 2 players
Game mode
Random Map
Map size
Tiny (2 player)
Population
200
Speed
Normal
Resources
Standard
Victory
Conquest
Starting age
Dark Age
Ending age
Imperial Age
RankedLock teamsTeams togetherTeam positionsShared explorationLock speedFull tech treeHidden civsTurbo modeCheats
Victory
Defeat
🇺🇸 Shu · United States
623
+14
🇩🇪 Cumans · Germany
587
-28
MaX
12:12 Feudal Age
12:42 Double-Bit Axe
15:28 Horse Collar
19:21 Bloodlines
23:10 Castle Age
23:31 Gold Mining
23:31 Stone Mining
23:49 Scale Barding Armor
24:09 Pikeman
27:44 Bow Saw
28:37 Loom
29:27 Wheelbarrow
29:27 Chain Barding Armor
Cosecant
4:34 Loom
10:45 Feudal Age
13:09 Double-Bit Axe
19:30 Castle Age
17:20 Town Watch
17:34 Fletching
18:31 Scale Barding Armor
20:31 Husbandry
24:52 Crossbowman
26:02 Arson
26:18 Squires
26:05 Arson
34:48 Bodkin Arrow
34:53 Padded Archer Armor
Connection lost

Rejoining the realm…

Still unreachable

The connection could not be restored.

Session expired

The server has moved on; the page needs a fresh start.